 Dungeon Crawl Stone Soup version 0.27.1-3-gb3d3a73c9e (webtiles) character file.

Game seed: 499293106709959714

106 Urokeeper the Sneak (level 5, -3/32 HPs)
             Began as a Kobold Brigand on Oct 14, 2021.
             Succumbed to Sigmund's poison
             ... on level 3 of the Dungeon.
             The game lasted 00:08:07 (1861 turns).

Urokeeper the Sneak (Kobold Brigand)                Turns: 1861, Time: 00:08:07

Health: -3/32      AC:  3    Str:  9    XL:     5   Next: 10%
Magic:  5/5        EV: 15    Int: 13    God:
Gold:   90         SH:  0    Dex: 16    Spells: 4/4 levels left

rFire    . . .     SeeInvis +   j - +2 short sword (flame)
rCold    . . .     Faith    .   (shield restricted)
rNeg     . . .     Spirit   .   b - +0 robe
rPois    .         Reflect  .   (no helmet)
rElec    .         Harm     .   c - +0 cloak
rCorr    .         Rampage  .   (no gloves)
Will     .....                  (no boots)
Stlth    ++++......             (no amulet)
HPRegen  0.10/turn              p - ring of wizardry
MPRegen  0.09/turn              r - ring of see invisible

@: lethally poisoned (-3 -> -26)
A: small, no large weapons, nightstalker 3
a: no special abilities


You were on level 3 of the Dungeon.
You visited 1 branch of the dungeon, and saw 3 of its levels.

You collected 90 gold pieces.

Inventory:

Hand Weapons
 a - a +2 dagger
 j - a +2 short sword of flaming (weapon)
Missiles
 d - 8 poisoned darts (quivered)
Armour
 b - a +0 robe (worn)
 c - a +0 cloak (worn)
Jewellery
 p - a ring of wizardry (left hand)
 r - a ring of see invisible (right hand)
Scrolls
 g - a scroll of magic mapping {unknown}
 h - a scroll of amnesia {unknown}
 i - a scroll of vulnerability {unknown}
 k - a scroll of immolation {unknown}
 m - a scroll of identify {unknown}
 n - a scroll of silence {unknown}
 o - 3 scrolls of teleportation {unknown}
 q - 2 scrolls of torment {unknown}
 s - a scroll of enchant weapon {unknown}
Potions
 l - a potion of curing {unknown}


   Skills:
 + Level 3.2 Fighting
 + Level 3.9 Short Blades
 - Level 2.1 Throwing
 + Level 2.9 Dodging
 + Level 6.2 Stealth


You had 4 spell levels left.
You didn't know any spells.
Your spell library contained the following spells:

 Spells                   Type           Power      Damage    Failure   Level
 Beastly Appendage        Tmut           0%         N/A       12%         1
 Wereblood                Tmut           0%         N/A       19%         2
 Portal Projectile        Hex/Tloc       0%         N/A       34%         3
 Spider Form              Tmut/Pois      0%         N/A       34%         3
 Blade Hands              Tmut           0%         N/A       96%         5
 Excruciating Wounds      Necr           0%         N/A       96%         5


Dungeon Overview and Level Annotations

Branches:
Dungeon (3/15)

Altars:

Annotations:
D:3 exclusions: ball python, orc priest and 2 more exclusions, Sigmund


Innate Abilities, Weirdness & Mutations

You are small and have problems with some larger weapons.
You are completely attuned to the shadows.


Message History

Press: ? - help, Q - select action, (/) - cycle Shift-Dir - straight line, f - Sigmund
Aim: Sigmund, wielding a +1 scythe of venom and wearing a +2 robe of resistance (58% to hit, chance to blind on hit: 89%)
Okay, then.
Throw: 2 darts (atropa)
Press: ? - help, Q - select action, (/) - cycle Shift-Dir - straight line, f - Sigmund
Aim: Sigmund, wielding a +1 scythe of venom and wearing a +2 robe of resistance (58% to hit, chance to blind on hit: 89%)
You throw an atropa-tipped dart.
The atropa-tipped dart barely misses Sigmund.
Throw: dart (atropa)
Press: ? - help, Q - select action, (/) - cycle Shift-Dir - straight line, f/p - Sigmund
Aim: Sigmund, wielding a +1 scythe of venom and wearing a +2 robe of resistance (58% to hit, chance to blind on hit: 90%)
You throw an atropa-tipped dart.
The atropa-tipped dart closely misses Sigmund.
Sigmund closely misses you.
Found a scroll labelled POETIPS KONYO.
You hit Sigmund.
Sigmund is lightly wounded.
Sigmund closely misses you.
You hit Sigmund.
Sigmund is moderately wounded.
Sigmund points at you and mumbles some strange words.
The magic dart hits you.
You hit Sigmund.
Sigmund is heavily wounded.
Sigmund barely misses you.
You closely miss Sigmund.
Sigmund is heavily wounded.
You hit Sigmund but do no damage.
Sigmund is heavily wounded.
Sigmund points at you and mumbles some strange words.
The magic dart hits you.
You hit Sigmund.
Sigmund is heavily wounded.
Sigmund screams, "You will never...
NEVER!!!"
Sigmund hits you with a +1 scythe of venom!
* * * LOW HITPOINT WARNING * * *
You are lethally poisoned!
You hit Sigmund but do no damage.
Sigmund is heavily wounded.
You die...

#........###.#
............##
......(.##..##
........##.###
###.###............##
...............###.##
?.....######.#### ...
......######..... S.$
#(.@@..##........ #
#.............### .
#......######..# #.
######## ##.# #. #)##
#. #..## #. ##..###.
##..... ######


You could see Sigmund.

Vanquished Creatures
  A bullfrog skeleton (D:2)
  An adder (D:3)
  A worm (D:1)
  2 dart slugs (D:1)
  An orc (D:3)
  5 ball pythons
  6 bats
  2 endoplasms (D:1)
  5 giant cockroaches
  6 goblins
  4 hobgoblins
  12 kobolds
  3 quokkas
  5 frilled lizards
  6 rats
60 creatures vanquished.

Vanquished Creatures (others)
  6 plants (D:1)
6 creatures vanquished.

Grand Total: 66 creatures vanquished

Notes
Turn   | Place    | Note
-------+----------+-------------------------------------------
     0 | D:1      | Urokeeper the Kobold Brigand began the quest for the Orb.
     0 | D:1      | Reached XP level 1. HP: 12/12 MP: 1/1
   126 | D:1      | Reached XP level 2. HP: 18/18 MP: 2/2
   276 | D:1      | Reached XP level 3. HP: 18/22 MP: 3/3
   390 | D:1      | Found a faded altar of an unknown god.
   390 | D:1      | Noticed a shining eye
   390 | D:1      | Noticed a floating eye
   440 | D:1      | Noticed a great orb of eyes
   450 | D:1      | Noticed a floating eye
  1041 | D:2      | Reached skill level 6 in Stealth
  1041 | D:2      | Reached XP level 4. HP: 26/28 MP: 4/4
  1658 | D:3      | Reached XP level 5. HP: 32/32 MP: 5/5
  1756 | D:3      | Noticed a sky beast
  1849 | D:3      | Noticed Sigmund
  1861 | D:3      | Succumbed to Sigmund's poison

Illustrated notes

Levels and vault maps discovered:
D:1:      dpeg_arrival_round_b, layout_rooms,
          hellmonk_ecumenical_altar_watching_god, dk_noncrumbling_3,
          lexackson_kobold_supper
D:2:      layout_basic, serial_forest, infiniplex_forest_straight_2,
          infiniplex_forest_clump_small, infiniplex_forest_clump_medium,
          infiniplex_forest_lined_corner, infiniplex_forest_zigzag_1
D:3:      wander_river, layout_rooms, chequers_serial_rivers_large_a,
          uniq_sigmund

Skill      XL: |  1  2  3 |
---------------+----------+-----
Short Blades   | 3 |  3.9
Dodging        | 2 |  2.9
Fighting       | 3 |  3.2
Stealth        | 6 |  6.2
Throwing       | |  2.1

Action                   |  1- 3 |  4- 6 || total
-------------------------+-------+-------++-------
Melee: Dagger            |    34 |       ||    34
       Short sword       |    45 |    39 ||    84
Throw: Dart              |     1 |     7 ||     8
 Stab: Sleeping          |    17 |    15 ||    32
Armor: Robe              |    10 |     1 ||    11
Dodge: Dodged            |    39 |    14 ||    53
